[Event "Titled Tuesday Blitz January 18 2022"]
[White "Kopylov, Michael"]
[Black "Chizhikov, Vladislav"]
[WhiteFideId "14105080"]
[BlackFideId "4178157"]
[WhiteElo "2385"]
[BlackElo "2120"]
[Result "0-1"]
[Round "11"]
[TimeControl "180+1"]
[Date "2022.01.18"]
[WhiteClock "0:00:45"]
[BlackClock "0:00:26"]

1. d4 d5 2. c4 e5 3. Nf3 e4 4. Nfd2 c6 5. Nc3 f5 6. cxd5 cxd5 7. Nb3 Nc6 8. h4 Be7 9. Bf4 Nf6 10. e3 O-O 11. Rc1 Bd7 12. Nc5 Bxc5 13. dxc5 Be6 14. Bd6 Rf7 15. Nb5 Ng4 16. a3 a6 17. Nd4 Nxd4 18. Qxd4 Qa5+ 19. Qc3 Qd8 20. Be2 Rc8 21. b4 Rf6 22. Qd4 Rh6 23. Bxg4 fxg4 24. Qe5 Bf7 25. h5 Rxd6 26. Qxd6 Qxd6 27. cxd6 Rxc1+ 28. Kd2 Rc8 29. Rc1 Rd8 30. d7 Be6 31. Kc3 Rxd7 32. Kd4 Kf7 33. Rc8 Kf6 34. Re8 Bf7 35. Re5 Rc7 0-1


[Site "https://www.chess.com"]

[Event "Titled Tuesday Blitz January 18 2022"]
[White "Korkmaz, Necmettin"]
[Black "Kislov, Oleg"]
[WhiteFideId "6303285"]
[BlackFideId "13503774"]
[WhiteElo "2094"]
[BlackElo "2252"]
[Result "0-1"]
[Round "11"]
[TimeControl "180+1"]
[Date "2022.01.18"]
[WhiteClock "0:00:29"]
[BlackClock "0:01:27"]

1. d4 d5 2. Nf3 Nf6 3. e3 e6 4. Bd3 c5 5. b3 Nc6 6. O-O Bd6 7. Bb2 b6 8. Nbd2 Qc7 9. a3 O-O 10. e4 cxd4 11. exd5 Nxd5 12. Nxd4 Nxd4 13. Bxd4 e5 14. Bb2 Bb7 15. Nc4 Rad8 16. Nxd6 Qxd6 17. Qh5 f5 18. Bxf5 g6 19. Bxg6 Qxg6 20. Qxe5 Nf4 21. Qh8+ Kf7 22. Qg7+ Qxg7 23. Bxg7 Kxg7 24. f3 Rd2 25. Rf2 Rfd8 26. Re1 Rd1 27. Kf1 Ba6+ 28. c4 Rxe1+ 29. Kxe1 Nd3+ 0-1


[Site "https://www.chess.com"]

[Event "Titled Tuesday Blitz January 18 2022"]
[White "Kosakowski, Jakub"]
[Black "Cunha, Lucas Aguiar"]
[WhiteFideId "1185080"]
[BlackFideId "2125404"]
[WhiteElo "2476"]
[BlackElo "2361"]
[Result "1-0"]
[Round "11"]
[TimeControl "180+1"]
[Date "2022.01.18"]
[WhiteClock "0:00:34"]
[BlackClock "0:00:26"]

1. d4 Nf6 2. Nf3 c5 3. c3 b6 4. Bf4 Bb7 5. e3 g6 6. h3 Bg7 7. Be2 O-O 8. O-O d6 9. Nbd2 a6 10. a4 Nbd7 11. Bh2 Rc8 12. Re1 Qc7 13. Bf1 Qb8 14. e4 e5 15. dxe5 Nxe5 16. Nxe5 dxe5 17. Nc4 Rcd8 18. Qc2 Nd7 19. Rad1 Qc7 20. Nd6 h5 21. Bc4 Nb8 22. Nxf7 Rxf7 23. Rxd8+ Qxd8 24. Qb3 Qc7 25. Bxf7+ Qxf7 26. Qxb6 c4 27. Qd8+ Qf8 28. Qc7 Qc8 29. Qd6 Nd7 30. Qxg6 Nf8 31. Qxh5 Qe6 32. Qe2 Bc6 33. a5 Nd7 34. Qe3 Bb5 35. Rd1 Kf7 36. Bg3 Bf6 37. Kh2 Kg6 38. Qa7 Qc6 39. f3 Nc5 40. Rd5 Nd3 41. Qb8 Kf7 42. Rd6 Qe8 43. Qb7+ Kg6 44. Bh4 1-0


[Site "https://www.chess.com"]

[Event "Titled Tuesday Blitz January 18 2022"]
[White "Kosteniuk, Alexandra"]
[Black "Musovic, Armin"]
[WhiteFideId "4128125"]
[BlackFideId "939935"]
[WhiteElo "2469"]
[BlackElo "2250"]
[Result "1/2-1/2"]
[Round "11"]
[TimeControl "180+1"]
[Date "2022.01.18"]
[WhiteClock "0:00:59"]
[BlackClock "0:00:21"]

1. f4 Nh6 2. Nf3 g6 3. e4 Bg7 4. Nc3 O-O 5. d4 c6 6. Bc4 b5 7. Bb3 b4 8. Ne2 d5 9. e5 a5 10. c3 Na6 11. O-O c5 12. dxc5 e6 13. cxb4 axb4 14. Be3 Qa5 15. Rc1 Nf5 16. Bf2 Rd8 17. Ned4 Nxd4 18. Bxd4 Bf8 19. Qc2 Bd7 20. f5 Bb5 21. fxe6 fxe6 22. Rf2 Bh6 23. Re1 Rac8 24. h4 Be8 25. Ng5 Bxg5 26. hxg5 Nxc5 27. Bxc5 Rxc5 28. Qd2 Bb5 29. Qf4 Qa7 30. Qf6 Re8 31. Re3 Rc1+ 32. Kh2 Qxe3 33. Qf7+ Kh8 34. Qf6+ Kg8 35. Qf7+ Kh8 36. Qf6+ Kg8 1/2-1/2


[Site "https://www.chess.com"]

[Event "Titled Tuesday Blitz January 18 2022"]
[White "Koziorowicz, Michal"]
[Black "Punin, Andrii"]
[WhiteFideId "21809194"]
[BlackFideId "14112639"]
[WhiteElo "2166"]
[BlackElo "2357"]
[Result "1-0"]
[Round "11"]
[TimeControl "180+1"]
[Date "2022.01.18"]
[WhiteClock "0:00:22"]
[BlackClock "0:00:04"]

1. a3 g6 2. g3 Bg7 3. Bg2 e5 4. c4 f5 5. Nc3 Nf6 6. e3 O-O 7. Nge2 c6 8. O-O Kh8 9. d4 e4 10. b4 d5 11. c5 g5 12. f4 exf3 13. Bxf3 Ne4 14. Nxe4 fxe4 15. Bg2 Bg4 16. Rxf8+ Qxf8 17. Bd2 Nd7 18. Qf1 Qe8 19. h3 Be6 20. Kh2 Qh5 21. Ng1 Rf8 22. Qe2 Qh6 23. Rf1 Nf6 24. Be1 Rf7 25. a4 a6 26. b5 axb5 27. axb5 Bd7 28. b6 Kg8 29. Kh1 Bf8 30. Bd2 Qg6 31. Ra1 Nh5 32. Be1 g4 33. h4 Bh6 34. Ra8+ Rf8 35. Rxf8+ Bxf8 36. Kh2 Qf5 37. Qd2 Bh6 38. Qc1 Kf7 39. Ne2 Kg6 40. Qa3 Qf8 41. Kg1 Ng7 42. Qa7 Qc8 43. Bf2 Ne6 44. Nc3 Nd8 45. Nb1 Bg7 46. Na3 h5 47. Nc2 Bh6 48. Na1 Kf6 49. Nb3 Kg6 50. Qa2 Be6 51. Bf1 Kh7 52. Be2 Kg7 53. Bd1 Kh7 54. Bc2 Kg7 55. Qa7 Kg8 56. Na5 Bf8 57. Bd1 Bd7 58. Be2 Be6 59. Ba6 bxa6 60. b7 Nxb7 61. Nxb7 Qd7 62. Qxa6 Qe8 63. Na5 Bd7 64. Qb7 Qe6 65. Qb8 Kf7 66. Nb7 Be7 67. Qf4+ Qf5 68. Qc7 Ke8 69. Na5 Qf6 70. Qb8+ Bd8 71. Nb7 Qe7 72. Qf4 Qf6 73. Qb8 Qe7 74. Be1 Qf6 75. Ba5 Qf3 76. Qxd8+ Kf7 77. Qxd7+ Kg8 78. Qd8+ Kh7 79. Qc7+ Kg6 80. Qf4 Qd1+ 81. Qf1 Qc2 82. Qf2 Qd1+ 83. Be1 Qb3 84. Nd6 Qb1 85. Nf5 Kf6 86. Nd6+ Ke7 87. Qf7+ Kd8 88. Qe8+ Kc7 89. Qc8# 1-0


[Site "https://www.chess.com"]

[Event "Titled Tuesday Blitz January 18 2022"]
[White "Kucuksari, Kaan"]
[Black "Jocev, Milan"]
[WhiteFideId "6380166"]
[BlackFideId "900680"]
[WhiteElo "2305"]
[BlackElo "2322"]
[Result "1-0"]
[Round "11"]
[TimeControl "180+1"]
[Date "2022.01.18"]
[WhiteClock "0:02:05"]
[BlackClock "0:00:14"]

1. d4 Nf6 2. c4 g6 3. g3 Bg7 4. Bg2 O-O 5. Nf3 d6 6. O-O Nc6 7. Nc3 a6 8. b3 e5 9. dxe5 dxe5 10. Ba3 Re8 11. Qxd8 Rxd8 12. Rad1 Bg4 13. h3 Bf5 14. Nh4 Be6 15. Nd5 Bxd5 16. cxd5 Nd4 17. e3 Ne2+ 18. Kh2 Nc3 19. Rd3 Nb5 20. Bb2 e4 21. Bxf6 exd3 22. Bxd8 d2 23. Be7 Nc3 24. Bf3 Nxa2 25. Rd1 Bc3 26. d6 cxd6 27. Bxd6 Rd8 28. Ba3 b5 29. Be7 b4 30. Bxd8 Nc1 31. Be4 Nxb3 32. Nf3 Nc5 33. Bc2 b3 34. Bb1 a5 35. Nxd2 a4 36. Nc4 b2 37. Be7 Nb3 38. Rd8+ Kg7 39. Ba3 1-0


[Site "https://www.chess.com"]

[Event "Titled Tuesday Blitz January 18 2022"]
[White "Le, Tuan Minh"]
[Black "Xiong, Jeffery"]
[WhiteFideId "12401153"]
[BlackFideId "2047640"]
[WhiteElo "2450"]
[BlackElo "2727"]
[Result "1/2-1/2"]
[Round "11"]
[TimeControl "180+1"]
[Date "2022.01.18"]
[WhiteClock "0:00:08"]
[BlackClock "0:00:24"]

1. d4 d5 2. Nf3 Nf6 3. Bf4 Bf5 4. c4 e6 5. Qb3 dxc4 6. Qxc4 Nd5 7. Bg5 Qd6 8. Nc3 Qb4 9. Qxb4 Bxb4 10. Bd2 Nxc3 11. Bxc3 a5 12. Rc1 O-O 13. e3 Be7 14. Ne5 f6 15. Nd3 Nd7 16. Nf4 Bd6 17. Ne2 Nb6 18. Ng3 Bg6 19. a3 c6 20. Be2 Nd5 21. Bd2 f5 22. Bf3 f4 23. Ne4 fxe3 24. fxe3 Bxe4 25. Bxe4 e5 26. Bxd5+ cxd5 27. Bc3 e4 28. Ke2 Rf6 29. Rcf1 Kf7 30. a4 b6 31. Rxf6+ Kxf6 32. Rf1+ Ke6 33. h3 Rc8 34. Kd2 h5 35. Ke2 Rc4 36. Ra1 Rc8 37. Kd2 Rf8 38. Ke2 Rc8 39. Kd2 Rf8 40. Ke2 Rc8 1/2-1/2


[Site "https://www.chess.com"]

[Event "Titled Tuesday Blitz January 18 2022"]
[White "Lehtosaari, Mauri"]
[Black "Kim, Sergey"]
[WhiteFideId "501999"]
[BlackFideId "13700570"]
[WhiteElo "2489"]
[BlackElo "2584"]
[Result "0-1"]
[Round "11"]
[TimeControl "180+1"]
[Date "2022.01.18"]
[WhiteClock "0:00:04"]
[BlackClock "0:00:13"]

1. d4 Nf6 2. Nf3 g6 3. Bg5 Bg7 4. c3 d6 5. Nbd2 O-O 6. e3 Nbd7 7. Bc4 b6 8. O-O Bb7 9. a4 a5 10. Qc2 e6 11. h3 h6 12. Bh4 Qe7 13. e4 g5 14. Bg3 Nh5 15. Bh2 Kh8 16. Rfe1 Rg8 17. Rad1 Rad8 18. Nf1 Nf8 19. Ne3 Ng6 20. Ba2 Nhf4 21. Bb1 Qf6 22. e5 Qe7 23. Bxf4 gxf4 24. Ng4 Bxf3 25. gxf3 Qh4 26. Kg2 Qg5 27. Rh1 Nh4+ 28. Kf1 Nf5 29. exd6 cxd6 30. h4 Qh5 31. d5 Be5 32. dxe6 fxe6 33. Ba2 Qg6 34. Bb1 Qf7 35. Qe4 Qg7 36. h5 Rde8 37. Re1 Bf6 38. Rd1 Bg5 39. Qc6 d5 40. Qb5 Qc7 41. Qd3 Rgf8 42. Ne5 Qxe5 43. Re1 Qf6 44. Rg1 Qf7 45. Rh1 Qg7 46. Rd1 Rg8 47. Re1 Bf6 48. Ke2 Bg5 49. Kf1 d4 50. c4 Rc8 51. b3 Rce8 52. Qe4 Qf7 53. Qd3 Rg7 54. Rg1 e5 55. Rh1 Nd6 56. Rd1 Qf6 57. Rg1 e4 58. fxe4 Qe5 59. f3 Bf6 60. Qe2 Rxg1+ 61. Kxg1 Rg8+ 62. Kf1 Rg3 63. Ke1 Qg5 64. Kd2 Rg2 65. Re1 Rxe2+ 66. Rxe2 Qg1 67. Bd3 Be5 68. Re1 Qf2+ 69. Re2 Qg1 70. Re1 Qg3 71. Re2 Nf7 72. c5 bxc5 73. Bc4 Ng5 74. Kc2 Nxf3 75. Kb2 Ne1 76. Ka3 f3 77. Rd2 f2 78. Rd1 Qe3 79. Bf1 Qxe4 80. Rc1 Qe3 81. Rxc5 Bd6 82. Ka2 Bxc5 0-1


[Site "https://www.chess.com"]

[Event "Titled Tuesday Blitz January 18 2022"]
[White "Leitao, Rafael"]
[Black "Krzywda, Andrzej"]
[WhiteFideId "2101246"]
[BlackFideId "1114565"]
[WhiteElo "2609"]
[BlackElo "2098"]
[Result "1-0"]
[Round "11"]
[TimeControl "180+1"]
[Date "2022.01.18"]
[WhiteClock "0:01:24"]
[BlackClock "0:00:29"]

1. d4 c5 2. d5 Nf6 3. c4 b5 4. cxb5 a6 5. b6 e6 6. Nc3 Nxd5 7. Nxd5 exd5 8. Qxd5 Nc6 9. Nf3 Rb8 10. e4 Be7 11. Bc4 O-O 12. O-O Rxb6 13. Qh5 Na5 14. Ng5 Bxg5 15. Bxg5 Qe8 16. Bd5 Rxb2 17. Rae1 Qe5 18. Qh4 d6 19. Bf4 Qd4 20. Bxd6 Re8 21. Rd1 Rd2 22. Qf4 Be6 23. Rxd2 1-0


[Site "https://www.chess.com"]

[Event "Titled Tuesday Blitz January 18 2022"]
[White "Liyanage, Ranindu Dilshan"]
[Black "Maksimovic, Bojan"]
[WhiteFideId "9915834"]
[BlackFideId "14408120"]
[WhiteElo "1858"]
[BlackElo "2450"]
[Result "1/2-1/2"]
[Round "11"]
[TimeControl "180+1"]
[Date "2022.01.18"]
[WhiteClock "0:00:11"]
[BlackClock "0:00:13"]

1. e4 c5 2. Nf3 Nc6 3. d4 cxd4 4. Nxd4 Nf6 5. Nc3 e5 6. Ndb5 h6 7. Nd5 Nxd5 8. exd5 a6 9. Nc3 Nd4 10. Be3 Bc5 11. Ne4 d6 12. c3 O-O 13. cxd4 exd4 14. Bxd4 Re8 15. Bxc5 dxc5 16. Bd3 f5 17. f3 fxe4 18. Bxe4 Bf5 19. O-O Bxe4 20. fxe4 Rxe4 21. Qh5 Qe7 22. Rad1 Rd8 23. Qg6 Re2 24. d6 Qg5 25. Qxg5 hxg5 26. Rd5 b6 27. b3 Rxa2 28. Re1 Rd7 29. h3 a5 30. Re8+ Kf7 31. Rb8 a4 32. bxa4 Rxa4 33. Rxb6 g4 34. hxg4 Rxg4 35. Rxc5 Rd4 36. Rf5+ Ke6 37. Rg5 Kf6 38. Rg3 R4xd6 39. Rxd6+ Rxd6 40. Rf3+ Kg6 41. Kh2 Kh6 42. Kg3 Kg5 43. Rb3 g6 44. Rb5+ Kf6 45. Kf3 Rd3+ 46. Kf4 Rd4+ 47. Kf3 Ra4 48. g3 Kg7 49. Kg2 Kh6 50. Kh3 Ra3 51. Rb6 Ra4 52. Rb5 Ra3 53. Rb6 Ra2 54. Rb5 Ra1 55. Rb6 Ra4 56. Rb8 Kg7 57. Rb7+ Kf6 58. Rb5 Ra1 59. Rb6+ Kg5 60. Rb5+ Kh6 61. Rb6 Rh1+ 62. Kg2 Rh5 63. g4 Ra5 64. Kg3 Kg5 65. Rb4 Ra3+ 66. Kg2 Kh4 67. Rb6 g5 68. Rb4 Ra2+ 69. Kg1 Kg3 70. Rb3+ Kh4 71. Rc3 Rb2 72. Ra3 Rb1+ 73. Kg2 Rb2+ 74. Kg1 Kxg4 75. Rc3 Kh4 76. Ra3 Kg4 77. Rd3 Kf4 78. Ra3 Re2 79. Rc3 g4 80. Ra3 Kg5 81. Rb3 Kh4 82. Ra3 Rd2 83. Rb3 Ra2 84. Rc3 Ra8 85. Rb3 g3 86. Rb7 Ra5 87. Rh7+ Kg4 88. Rg7+ Kf4 89. Rf7+ Ke4 90. Re7+ Kf3 91. Rf7+ Kg4 92. Rg7+ Rg5 93. Rxg5+ Kxg5 94. Kg2 Kg4 95. Kg1 Kf4 96. Kg2 Kg4 97. Kg1 Kf5 98. Kg2 Kf4 99. Kg1 Kg5 100. Kg2 Kh4 101. Kg1 Kh3 102. Kh1 Kh4 103. Kg2 Kg4 1/2-1/2


[Site "https://www.chess.com"]

[Event "Titled Tuesday Blitz January 18 2022"]
[White "Ljukin, Sergei"]
[Black "Jakubowska, Anna"]
[WhiteFideId "14102200"]
[BlackFideId "1121952"]
[WhiteElo "2312"]
[BlackElo "1924"]
[Result "0-1"]
[Round "11"]
[TimeControl "180+1"]
[Date "2022.01.18"]
[WhiteClock "0:00:14"]
[BlackClock "0:00:14"]

1. e4 c6 2. d4 d5 3. e5 Bf5 4. Nd2 e6 5. Nb3 Nd7 6. Nf3 h6 7. Be2 Ne7 8. O-O g5 9. h3 Bg7 10. Nh2 Qc7 11. f4 gxf4 12. Bxf4 O-O-O 13. Nf3 Rhg8 14. Kh1 c5 15. c4 Kb8 16. Rc1 dxc4 17. Rxc4 Nd5 18. Bh2 Ne3 19. Qd2 Nxc4 20. Bxc4 Be4 21. Qe3 Bxf3 22. Qxf3 cxd4 23. Bd3 Bxe5 24. Bxe5 Nxe5 25. Qe4 Nxd3 26. Qxd3 f5 27. Rc1 Qg3 28. Qd2 Qe3 29. Qb4 d3 30. Rg1 Qb6 31. Qd2 e5 32. Rf1 e4 33. Re1 Rge8 34. Qf4+ Ka8 35. Qxf5 d2 36. Rd1 e3 37. Nc5 e2 0-1


[Site "https://www.chess.com"]

[Event "Titled Tuesday Blitz January 18 2022"]
[White "Lomaia, Diana"]
[Black "Swicarz, Maciej"]
[WhiteFideId "13612476"]
[BlackFideId "1113585"]
[WhiteElo "1744"]
[BlackElo "2063"]
[Result "0-1"]
[Round "11"]
[TimeControl "180+1"]
[Date "2022.01.18"]
[WhiteClock "0:00:34"]
[BlackClock "0:00:43"]

1. d4 f5 2. g3 Nf6 3. Bg2 g6 4. Nf3 Bg7 5. O-O O-O 6. c4 d6 7. Nc3 Qe8 8. Re1 Qf7 9. e4 fxe4 10. Nxe4 Nxe4 11. Rxe4 Nc6 12. d5 Ne5 13. Rf4 Qe8 14. Nxe5 Bxe5 15. Rxf8+ Qxf8 16. Be3 Bxb2 17. Rb1 Bg7 18. c5 b6 19. cxd6 cxd6 20. Rc1 Bf5 21. Rc7 Qd8 22. Qc1 Rc8 23. Rc6 Bd7 24. Bg5 Bxc6 25. dxc6 Rc7 26. Bd5+ Kh8 27. Qf4 Qe8 28. h4 Be5 29. Qf3 Bg7 30. Qf4 b5 31. g4 a5 32. a3 Be5 33. Qf3 b4 34. axb4 axb4 35. h5 gxh5 36. gxh5 e6 37. Bxe6 Rg7 38. Qf5 h6 39. c7 Rxc7 40. Bf6+ Bxf6 41. Qxf6+ Rg7+ 42. Kh2 Qxh5+ 43. Bh3 Qe5+ 44. Qxe5 dxe5 0-1


[Site "https://www.chess.com"]

[Event "Titled Tuesday Blitz January 18 2022"]
[White "Lorparizangeneh, Shahin"]
[Black "Carbone, Diego"]
[WhiteFideId "12521604"]
[BlackFideId "3002179"]
[WhiteElo "2525"]
[BlackElo "2199"]
[Result "1-0"]
[Round "11"]
[TimeControl "180+1"]
[Date "2022.01.18"]
[WhiteClock "0:00:17"]
[BlackClock "0:00:02"]

1. e4 e5 2. Nf3 Nc6 3. Bb5 a6 4. Ba4 Nf6 5. O-O b5 6. Bb3 Bc5 7. a4 Rb8 8. c3 d6 9. d4 Bb6 10. a5 Ba7 11. Be3 Bg4 12. Nbd2 exd4 13. cxd4 O-O 14. Qe1 Re8 15. d5 Bxe3 16. Qxe3 Bxf3 17. Nxf3 Rxe4 18. Qc3 Ne7 19. Rac1 Nexd5 20. Qc6 Nb4 21. Qxc7 Qxc7 22. Rxc7 d5 23. Ng5 Re2 24. Rfc1 Rbe8 25. h3 Rxb2 26. Bd1 Nd3 27. R1c3 Nxf2 28. Bf3 h6 29. Nxf7 Re1+ 30. Kh2 Rh1+ 31. Kg3 N2e4+ 32. Kf4 Nxc3 33. Ne5 Rb4+ 34. Kf5 Re1 35. Rc8+ Kh7 36. Rxc3 Rc4 37. Rd3 d4 38. Nf7 Rc5+ 39. Kf4 g5+ 40. Kg3 Rf5 41. Nd6 Rfe5 42. Rxd4 Re7 43. Nf5 Rf7 44. Nd6 Rd7 45. Bc6 Rxd6 46. Rxd6 Nh5+ 47. Kf2 Re7 48. Bf3 Nf4 49. Rxa6 b4 50. Rb6 Rf7 51. a6 1-0


[Site "https://www.chess.com"]

[Event "Titled Tuesday Blitz January 18 2022"]
[White "Milchev, Nikolay"]
[Black "Klimciauskas, Domantas"]
[WhiteFideId "2906090"]
[BlackFideId "12802999"]
[WhiteElo "2449"]
[BlackElo "2255"]
[Result "1/2-1/2"]
[Round "11"]
[TimeControl "180+1"]
[Date "2022.01.18"]
[WhiteClock "0:01:33"]
[BlackClock "0:00:05"]

1. Nf3 g6 2. c4 Bg7 3. d4 d6 4. Nc3 e5 5. dxe5 dxe5 6. Qxd8+ Kxd8 7. Bd2 Be6 8. e3 f6 9. O-O-O Nd7 10. h3 c6 11. Be2 Kc7 12. Ne4 Nh6 13. Bb4 Nf7 14. Rd2 Bf8 15. Bxf8 Rhxf8 16. Rhd1 Rad8 17. Kc2 Bf5 18. Bd3 Bxe4 19. Bxe4 Nc5 20. Rxd8 Rxd8 21. Rxd8 Kxd8 22. Nd2 Nxe4 23. Nxe4 Ke7 24. c5 Ke6 25. b4 Kd5 26. Kd3 Ke6 27. Kc4 f5 28. Nc3 a6 29. f4 g5 30. g3 gxf4 31. gxf4 Nh8 32. Ne2 Ng6 33. a4 Nh4 34. b5 axb5+ 35. axb5 Ng2 36. bxc6 bxc6 37. Kd3 exf4 38. Nd4+ Kd5 39. Nxf5 Kxc5 40. e4 f3 41. h4 f2 42. Ke2 Nxh4 43. Nxh4 Kd4 44. Kxf2 Kxe4 45. Nf3 h5 46. Nd2+ Kf4 47. Nc4 c5 48. Kg2 Ke4 49. Kh3 Kd3 50. Nb6 c4 51. Nxc4 Kxc4 52. Kh4 Kd4 53. Kxh5 1/2-1/2


[Site "https://www.chess.com"]

[Event "Titled Tuesday Blitz January 18 2022"]
[White "Mitusov, Semen"]
[Black "Shuvalov, Evgenij"]
[WhiteFideId "14151049"]
[BlackFideId "4187237"]
[WhiteElo "2246"]
[BlackElo "2119"]
[Result "1-0"]
[Round "11"]
[TimeControl "180+1"]
[Date "2022.01.18"]
[WhiteClock "0:00:31"]
[BlackClock "0:00:03"]

1. e4 e6 2. Nf3 d5 3. Nc3 Nf6 4. e5 Nfd7 5. d4 c5 6. dxc5 Nc6 7. Bf4 Bxc5 8. Bd3 Qb6 9. O-O a6 10. a3 Qc7 11. Bg3 Qd8 12. h4 h6 13. Re1 Be7 14. Qd2 Nc5 15. Bf1 b5 16. b4 Na4 17. Ne2 Nb2 18. Ned4 Bb7 19. Nxc6 Bxc6 20. Nd4 Bb7 21. Qf4 Rc8 22. Qg4 O-O 23. Re3 Nc4 24. Rd3 Qc7 25. Re1 Qb6 26. Bf4 Kh8 27. Bc1 Qc7 28. Rg3 Rg8 29. Qh5 Bf8 30. Bd3 g6 31. Qe2 Bg7 32. f4 h5 33. Kh1 Qb6 34. c3 Qd8 35. Rh3 Nb6 36. Bd2 Na4 37. Rc1 Rc7 38. Nf3 Qe7 39. Ng5 Bh6 40. Nf3 Rgc8 41. Nd4 Nxc3 42. Bxc3 Rxc3 43. Rf1 Rc1 44. Kh2 Rxf1 45. Qxf1 Qd8 46. f5 exf5 47. Nxf5 Qc7 48. Nd6 Rf8 49. Rf3 Bg7 50. Kh1 Bxe5 51. Nxf7+ Rxf7 52. Rxf7 Qd6 53. Rxb7 Qf6 54. Qxf6+ Bxf6 55. Rb6 Bxh4 56. Rxg6 Bf2 57. Rxa6 h4 58. Bxb5 d4 59. Bd3 Kg7 60. Rg6+ Kf7 61. a4 Ke7 62. b5 Kd7 63. a5 Kc7 64. a6 1-0


[Site "https://www.chess.com"]

[Event "Titled Tuesday Blitz January 18 2022"]
[White "Mokshanov, Alexey"]
[Black "Kamsky, Gata"]
[WhiteFideId "24121657"]
[BlackFideId "2000024"]
[WhiteElo "2141"]
[BlackElo "2645"]
[Result "0-1"]
[Round "11"]
[TimeControl "180+1"]
[Date "2022.01.18"]
[WhiteClock "0:00:57"]
[BlackClock "0:01:15"]

1. e4 c5 2. Nf3 e6 3. c3 d5 4. exd5 exd5 5. Bb5+ Bd7 6. Bxd7+ Qxd7 7. O-O Bd6 8. d4 c4 9. b3 cxb3 10. axb3 Ne7 11. Ba3 Nbc6 12. Bxd6 Qxd6 13. Re1 O-O 14. Nbd2 a6 15. Nf1 Rac8 16. Ne3 Rfe8 17. Qd2 Qd7 18. h3 Nf5 19. Nxf5 Qxf5 20. Rxe8+ Rxe8 21. Re1 Re4 22. Rxe4 Qxe4 23. Qg5 f6 24. Qg4 Qxg4 25. hxg4 h6 26. Nd2 Kf7 27. f3 a5 28. Kf2 b5 29. Nb1 a4 30. b4 Na7 31. Na3 Ke6 32. Ke3 Kd6 33. f4 Kc6 34. f5 Nc8 35. Ke2 Nd6 36. Kd3 Kd7 37. Ke3 Ke7 38. Kd3 Kf7 39. Nc2 Nc4 0-1


[Site "https://www.chess.com"]

[Event "Titled Tuesday Blitz January 18 2022"]
[White "Nakamura, Hikaru"]
[Black "Klimkowski, Jan"]
[WhiteFideId "2016192"]
[BlackFideId "21856222"]
[WhiteElo "2850"]
[BlackElo "2172"]
[Result "1-0"]
[Round "11"]
[TimeControl "180+1"]
[Date "2022.01.18"]
[WhiteClock "0:01:16"]
[BlackClock "0:00:09"]

1. e4 c5 2. Nf3 d6 3. d4 cxd4 4. Qxd4 Nc6 5. Bb5 a6 6. Bxc6+ bxc6 7. c4 e5 8. Qd3 Be7 9. Nc3 h6 10. Be3 Nf6 11. c5 O-O 12. O-O-O d5 13. exd5 e4 14. Nxe4 Nxd5 15. Ne5 Bb7 16. Nc4 a5 17. Ncd6 Ba6 18. Qc2 f5 19. Nc3 Nb4 20. Qb3+ Kh7 21. Kb1 Rb8 22. Nc4 Qc7 23. Nb6 Bd3+ 24. Kc1 f4 25. a3 Bc2 26. Qc4 Bxd1 27. Bd4 f3 28. Rxd1 Qf4+ 29. Be3 Qxc4 30. Nxc4 Nd5 31. gxf3 Nxc3 32. bxc3 Rxf3 33. Ne5 Rf5 34. Nxc6 Rb7 35. Nxe7 Rxe7 36. Kc2 h5 37. Kb3 g5 38. Kc4 g4 39. c6 h4 40. Rd7 Rff7 41. Rxe7 Rxe7 42. Bb6 Kg6 43. c7 Re8 44. Kd5 Kf7 45. Kc6 Ke6 46. Kb7 Kd7 47. Bxa5 g3 48. fxg3 h3 49. Bb6 Rg8 50. c4 1-0


[Site "https://www.chess.com"]

[Event "Titled Tuesday Blitz January 18 2022"]
[White "Narayanan.S.L"]
[Black "Howell, David W L"]
[WhiteFideId "5058422"]
[BlackFideId "410608"]
[WhiteElo "2494"]
[BlackElo "2559"]
[Result "1/2-1/2"]
[Round "11"]
[TimeControl "180+1"]
[Date "2022.01.18"]
[WhiteClock "0:00:16"]
[BlackClock "0:00:06"]

1. Nf3 f5 2. d3 Nc6 3. d4 e6 4. c4 Nf6 5. g3 Bb4+ 6. Bd2 Bxd2+ 7. Nbxd2 d6 8. Bg2 e5 9. d5 Ne7 10. e4 O-O 11. O-O h6 12. Rc1 fxe4 13. Ne1 Bg4 14. Qc2 Be2 15. Nxe4 Bxf1 16. Bxf1 Nxe4 17. Qxe4 Qd7 18. Bd3 Qf5 19. Qe2 Qf6 20. Ng2 b6 21. Rf1 a5 22. f4 Rae8 23. Qe4 Qf5 24. Qxf5 Nxf5 25. fxe5 Rxe5 26. g4 Ne3 27. Nxe3 Rxe3 28. Bh7+ Kxh7 29. Rxf8 Re4 30. b3 Rxg4+ 31. Kf2 Rg6 32. Rc8 Rf6+ 33. Kg3 Rf7 34. h4 Kg6 35. Re8 Kh5 36. Rg8 Re7 37. a4 Re3+ 38. Kf4 Re7 39. Kg3 g6 40. Rc8 g5 41. hxg5 Kxg5 42. Kf3 h5 43. Rg8+ Kf5 44. Rh8 Kg5 45. Rg8+ Kf5 46. Rh8 Kg6 47. Rg8+ Rg7 48. Rh8 Rh7 49. Rg8+ Kf5 50. Kg3 h4+ 51. Kh3 Ke4 52. Rg4+ Kd3 53. Rf4 Kc3 54. Rf3+ Kb4 55. Re3 Ka3 56. Rf3 Kb2 57. Re3 Ka2 58. Rf3 Ka3 59. Re3 Kb4 60. Rf3 c6 61. dxc6 Rc7 62. Rd3 Rxc6 63. Kxh4 Ka3 64. Kg4 Kb2 65. Kf4 Kc2 66. Ke4 Rc8 67. Rh3 Rc5 68. Kd4 Kb2 69. Rg3 Ka3 70. Rf3 Kb4 71. Rg3 Ka3 72. Kc3 d5 73. Rg1 Ka2 74. Rg2+ Ka3 75. Rg1 Ka2 76. Rg2+ Ka3 77. Rg1 1/2-1/2


[Site "https://www.chess.com"]

[Event "Titled Tuesday Blitz January 18 2022"]
[White "Nazaretyan, Tigran"]
[Black "Logozar, Elijah"]
[WhiteFideId "24162345"]
[BlackFideId "30963788"]
[WhiteElo "2192"]
[BlackElo "2421"]
[Result "1-0"]
[Round "11"]
[TimeControl "180+1"]
[Date "2022.01.18"]
[WhiteClock "0:00:31"]
[BlackClock "0:00:39"]

1. d4 d5 2. c4 c6 3. Nf3 e6 4. e3 f5 5. b3 Nf6 6. Bd3 Bd6 7. O-O O-O 8. Ba3 Bxa3 9. Nxa3 Bd7 10. b4 Ne4 11. Qc2 Be8 12. Ne5 Nd7 13. f4 g5 14. cxd5 exd5 15. b5 Nxe5 16. fxe5 Qa5 17. Bxe4 dxe4 18. Qb3+ Kg7 19. bxc6 bxc6 20. Nc4 Qc7 21. Nd6 f4 22. exf4 gxf4 23. Qh3 Bg6 24. Qg4 c5 25. d5 Qe7 26. Nc4 h5 27. Qe2 Qg5 28. Kh1 h4 29. d6 e3 30. e6 Be4 31. e7 Rh8 32. h3 Qg3 33. Rf3 Bxf3 34. Qxf3 Qxf3 35. gxf3 Kf7 36. Rd1 Rhg8 37. Rd5 Rab8 38. Rf5+ Ke6 39. Rxf4 Rb1+ 40. Kh2 Rbg1 41. Re4+ Kd7 42. Nxe3 Re1 43. Ng4 Rxe4 44. fxe4 Kxd6 45. Nf6 Kxe7 46. Nxg8+ Ke6 47. Kg2 c4 48. Kf3 c3 49. Ke3 Ke5 50. Ne7 c2 51. Kd2 Kxe4 52. Ng6 Kf3 53. Nxh4+ Kg3 54. Nf5+ Kxh3 55. Nd4 Kg4 56. Nxc2 Kf5 57. Kc3 Ke6 58. Kb4 Kd7 59. Kb5 Kc7 60. Ka6 Kb8 61. Nb4 Ka8 62. a3 Kb8 63. Nc6+ Ka8 64. Nxa7 Kb8 65. Nb5 Ka8 66. Kb6 Kb8 67. a4 Ka8 68. a5 Kb8 69. a6 Ka8 70. Nc7+ Kb8 71. a7+ Kc8 72. a8=Q+ 1-0


[Site "https://www.chess.com"]

[Event "Titled Tuesday Blitz January 18 2022"]
[White "Nilsen, Tobias Lang"]
[Black "Remizov, Yaroslav"]
[WhiteFideId "1521624"]
[BlackFideId "34134015"]
[WhiteElo "2013"]
[BlackElo "2360"]
[Result "0-1"]
[Round "11"]
[TimeControl "180+1"]
[Date "2022.01.18"]
[WhiteClock "0:00:06"]
[BlackClock "0:00:26"]

1. d4 e6 2. c4 b6 3. Nc3 a6 4. e4 d6 5. Nf3 Ra7 6. Bd3 c6 7. Qe2 f6 8. O-O g5 9. e5 dxe5 10. dxe5 g4 11. Ne1 f5 12. f3 h5 13. Nc2 Ne7 14. Bg5 g3 15. Rad1 gxh2+ 16. Kh1 Qc7 17. Bf6 Rh7 18. g4 hxg4 19. fxg4 c5 20. gxf5 Nxf5 21. Bxf5 exf5 22. Nd5 Qf7 23. Nxb6 Bb7+ 24. Nd5 Nd7 25. Rxf5 Nxf6 26. Rxf6 Qg8 27. Rf3 Bxd5 28. cxd5 Rag7 29. Rxf8+ Kxf8 30. Qf2+ Ke8 31. Qxc5 Rg1+ 32. Rxg1 hxg1=N# 0-1


[Site "https://www.chess.com"]

[Event "Titled Tuesday Blitz January 18 2022"]
[White "Nyzhnyk, Illya"]
[Black "Kadam, Om Manish"]
[WhiteFideId "14118084"]
[BlackFideId "45076294"]
[WhiteElo "2694"]
[BlackElo "1729"]
[Result "1-0"]
[Round "11"]
[TimeControl "180+1"]
[Date "2022.01.18"]
[WhiteClock "0:02:33"]
[BlackClock "0:01:35"]

1. d4 Nf6 2. c4 g6 3. Nc3 d6 4. e4 Bg7 5. Nf3 O-O 6. h3 e5 7. dxe5 dxe5 8. Qxd8 Rxd8 9. Bg5 Nbd7 10. O-O-O Re8 11. Nd5 Nxd5 12. cxd5 Nc5 13. Nd2 f5 14. f3 Bd7 15. Be3 Na4 16. Bc4 Kh8 17. Kc2 Nb6 18. Bb3 a5 19. a3 Rac8 20. Kb1 Na4 21. Nc4 Ra8 22. d6 b5 23. Bxa4 bxa4 24. dxc7 Be6 25. Nb6 Bf6 26. Nxa8 Rxa8 27. Rd6 1-0


[Site "https://www.chess.com"]